 Dungeon Crawl Stone Soup version 5.5-19-gbfab8aa (webtiles) character file.

4152 MoonstruckMary the Victor of a Thousand Battles (level 11, -1/135 HPs)
             Began as a Demonspawn Fighter on June 17, 2018.
             Was the Champion of Okawaru.
             Slain by Nessos
             ... wielding a +3 longbow of flaming
              (2 damage)
             ... on level 12 of the Dungeon.
             The game lasted 00:09:43 (9382 turns).

MoonstruckMary (DsFi)                               Turns: 9382, Time: 00:09:44

Health: -1/135     AC: 19 (24%)Str: 34  XL:     11   Next: 51%
Magic:  16/16      EV: 20    Int: 15    God:    Okawaru [6*[165]]
Gold:   159        SH: 15    Dex: 20    Spells: 17/17 levels left

rFire    . . .     SeeInvis .   a - +0 war axe
rCold    . . .     Faith    +   c - +0 shield
rNeg     . . .     Spirit   .   F - +5 ring mail "Edotir" {Dex+7}
rPois    .         Reflect  .   y - +2 hat
rElec    .                      t - +0 cloak
rCorr    .                      m - +2 pair of gloves
MR       .....                  (no boots)
Stlth    ..........             z - amulet of faith
Regen    0.4/turn               h - +6 ring of evasion
MPRegen  0.3/turn               s - +5 ring of strength

@: berserking (expiring), lethally poisoned (-1 -> -3), very quick
A: talons 1, clever, demonic guardian 2, screaming 1, spiny 3, strong
a: Finesse, Renounce Religion


You were on level 12 of the Dungeon.
You worshipped Okawaru.
Okawaru was exalted by your worship.
You were not hungry.

You visited 2 branches of the dungeon, and saw 13 of its levels.
You visited the bazaar 1 time.

You collected 879 gold pieces.
You spent 720 gold pieces at shops.

Inventory:

Hand Weapons
 a - a +0 war axe (weapon)
Missiles
 l - 224 poisoned darts (quivered)
 w - 9 tomahawks
 E - 109 javelins
 I - 12 frenzy darts
Armour
 b - a +0 scale mail
 c - a +0 shield (worn)
 m - a +2 pair of gloves (worn)
 r - a +1 pair of gloves
 t - a +0 cloak (worn)
 y - a +2 hat (worn)
 C - a +0 plate armour of fire resistance
 F - the +5 ring mail "Edotir" (worn) {Dex+7}
   (You found it on level 10 of the Dungeon)

   It affects your dexterity (+7).
 G - a +2 ring mail of cold resistance
Jewellery
 f - an uncursed ring of wizardry
 h - a +6 ring of evasion (left hand)
 s - a +5 ring of strength (right hand)
 v - an uncursed ring of fire
 z - an amulet of faith (around neck)
 A - an uncursed ring of protection from magic
 J - an uncursed ring of positive energy
Wands
 B - a wand of polymorph (7)
 H - a wand of digging (5)
Scrolls
 g - 4 scrolls of magic mapping
 i - 2 scrolls of amnesia
 k - 10 scrolls of teleportation
 o - 6 scrolls of enchant armour
 p - 2 scrolls of blinking
 D - a scroll of enchant weapon
Potions
 d - 2 potions of augmentation
 e - 2 potions of magic
 j - 3 potions of lignification
 n - 3 potions of ambrosia
 q - 2 potions of flight
 u - 4 potions of mutation
 x - a potion of haste
 L - a potion of resistance


   Skills:
 * Level 9.8(14.8) Fighting
 * Level 9.2(14.2) Axes
 + Level 6.3(11.3) Armour
 + Level 6.6(11.6) Shields
 * Level 11.3 Invocations


You had 17 spell levels left.
You didn't know any spells.

Dungeon Overview and Level Annotations

Branches:
Dungeon (12/15)            Bazaar (1/1)

Altars:
Cheibriados
Dithmenos
Elyvilon
Gozag
Jiyva
Kikubaaqudgha
Makhleb
Nemelex Xobeh
Okawaru
Qazlal
Ru
Sif Muna
Trog
Uskayaw
Vehumet
Wu Jian
Xom
Yredelemnul
Zin
The Shining One

Shops:
Bazaar }![}(

Annotations:
D:12 Nessos


Innate Abilities, Weirdness & Mutations

You have sharp toenails.
A demonic guardian rushes to your aid.
You are completely covered in sharp spines.
Your mind is acute. (Int +5)
You occasionally shout uncontrollably at your foes.
Your muscles are strong. (Str +5)


Message History

You are more poisoned.
You feel a strong urge to attack something.
You feel extremely sick.
Nessos shoots an arrow.
The arrow hits you (9)!
* * * LOW HITPOINT WARNING * * *
There is a fiery explosion!
You are burned (1)!
* * * LOW HITPOINT WARNING * * *
You are more poisoned.
You slice the slime creature (19)!! You claw the slime creature (13)!
The slime creature is severely wounded.
You feel extremely sick. The slime creature barely misses you.
You hit the slime creature (4). You claw the slime creature (11)!
The slime creature is almost dead.
You feel very sick.
Unknown command.
You are too berserk!
Nessos shoots an arrow.
The arrow hits your ice devil (6).
There is a fiery explosion!
You are burned (2)!
You die...

..... ...... ..... .......
#....# ##.......
....c.###......#
..............###..
................#...
....................?
............J.........
.........ยง@...).......
......................
.........[............
..................#..
.........[.......###.......
.........###......#........
........## ##........)....#
........# #............##
#..###..## ##.............#


You could see Nessos and a slime creature.

Vanquished Creatures
  A hydra (D:11)
  A two-headed ogre (D:8)
  A cyclops (D:10)
  2 slime creatures (D:11)
  A gargoyle (D:11)
  3 spiny frogs
  2 blink frogs (D:10)
  A meliai zombie (D:12)
  2 wyverns
  4 yaks (D:11)
  An angry ghost (D:9)
  A water moccasin (D:9)
  2 ice beasts
  A black bear (D:9)
  2 orc warriors
  7 centaurs
  An ogre (D:11)
  A blink frog zombie (D:8)
  A rime drake skeleton (D:10)
  A gnoll sergeant (D:7)
  A water moccasin zombie (D:8)
  3 scorpions
  A wyvern skeleton (D:10)
  2 killer bees (D:8)
  2 crimson imps (D:9)
  6 wights
  A howler monkey (D:5)
  A bullfrog zombie (D:5)
  A centaur zombie (D:9)
  3 jellies
  5 orc priests
  Crazy Yiuf (D:3)
  4 centaur skeletons
  4 hounds
  3 orc wizards
  6 worker ants
  4 iguanas
  2 killer bee zombies
  A hound zombie (D:5)
  A hound skeleton (D:4)
  3 gnolls (D:7)
  A howler monkey skeleton (D:6)
  3 adders
  A shadow imp (D:6)
  2 oozes
  5 dart slugs
  27 orcs
  3 quokkas
  10 bats
  3 giant cockroaches
  11 goblins
  7 hobgoblins
  15 jackals
  5 kobolds
  5 ball pythons
  2 frilled lizards
  A quokka skeleton (D:4)
  10 rats
  A spectral orc (D:5)
203 creatures vanquished.

Vanquished Creatures (collateral kills)
  A death knight (D:11)
  Erica (D:9)
  A rime drake (D:9)
  A blink frog (D:10)
  A yak (D:11)
  A wyvern (D:8)
  A black mamba skeleton (D:10)
  A water moccasin (D:7)
  An ice beast (D:5)
  2 scorpions
  A crimson imp (D:7)
  2 killer bees (D:8)
  3 wights (D:7)
  A hound (D:7)
  2 orc wizards
  An orc (D:3)
  A rat (D:3)
22 creatures vanquished.

Grand Total: 225 creatures vanquished

Notes
Turn   | Place    | Note
-------+----------+-------------------------------------------
     0 | D:1      | MoonstruckMary the Demonspawn Fighter began the quest for the Orb.
     0 | D:1      | Reached XP level 1. HP: 18/18 MP: 2/2
   238 | D:1      | Gained mutation: You are partially covered in sharp spines. [demonic ancestry]
   238 | D:1      | Reached XP level 2. HP: 21/24 MP: 3/3
   919 | D:2      | Reached XP level 3. HP: 29/29 MP: 5/5
  1250 | D:2      | Gained mutation: A weak demonic guardian rushes to your aid. [demonic ancestry]
  1250 | D:2      | Reached XP level 4. HP: 32/37 MP: 6/6
  1376 | D:2      | Found a radiant altar of Vehumet.
  1377 | D:2      | Found an ancient bone altar of Kikubaaqudgha.
  1378 | D:2      | Found an iron altar of Okawaru.
  1378 | D:2      | Found a bloodstained altar of Trog.
  1448 | D:2      | Became a worshipper of Warmaster Okawaru
  1530 | D:3      | Reached skill level 1 in Invocations
  1569 | D:3      | Gained mutation: A demonic guardian rushes to your aid. [demonic ancestry]
  1569 | D:3      | Reached XP level 5. HP: 7/42 MP: 7/7
  1847 | D:3      | Found a faded altar of an unknown god.
  1859 | D:3      | Reached skill level 2 in Invocations
  2020 | D:3      | Found a runed door.
  2113 | D:3      | Found a deep blue altar of Sif Muna.
  2503 | D:3      | Noticed Crazy Yiuf
  2510 | D:3      | Killed Crazy Yiuf
  2510 | D:3      | Reached XP level 6. HP: 49/49 MP: 9/9
  2632 | D:4      | Found a shadowy altar of Dithmenos.
  2632 | D:4      | Found a glowing silver altar of Zin.
  2848 | D:4      | Found a snail-covered altar of Cheibriados.
  3294 | D:5      | Entered Level 5 of the Dungeon
  3370 | D:5      | Noticed an ice beast
  3375 | D:5      | Killed an ice beast
  3375 | D:5      | Reached skill level 3 in Invocations
  3376 | D:5      | Reached * piety under Okawaru
  3376 | D:5      | Reached skill level 5 in Fighting
  3379 | D:5      | Gained mutation: You have sharp toenails. [demonic ancestry]
  3379 | D:5      | Reached XP level 7. HP: 31/56 MP: 10/10
  3387 | D:5      | Found a viscous altar of Jiyva.
  3577 | D:5      | Found a basalt altar of Yredelemnul.
  3614 | D:5      | Found a hide-covered altar of Uskayaw.
  3884 | D:5      | Found a glowing golden altar of the Shining One.
  3930 | D:5      | Reached skill level 4 in Invocations
  4239 | D:6      | Found a shimmering altar of Xom.
  4242 | D:6      | Found a shimmering altar of Xom.
  4244 | D:6      | Found a shimmering altar of Xom.
  4245 | D:6      | Found a shimmering altar of Xom.
  4252 | D:6      | Found a shimmering altar of Xom.
  4254 | D:6      | Found a shimmering altar of Xom.
  4254 | D:6      | Found a shimmering altar of Xom.
  4372 | D:6      | Found a sacrificial altar of Ru.
  4917 | D:7      | Reached ** piety under Okawaru
  4917 | D:7      | Gained mutation: You are mostly covered in sharp spines. [demonic ancestry]
  4917 | D:7      | Reached XP level 8. HP: 63/63 MP: 11/11
  4921 | D:7      | Reached skill level 5 in Invocations
  5044 | D:7      | Reached skill level 5 in Axes
  5066 | D:7      | Found an ornate altar of the Wu Jian Council.
  5068 | D:7      | Found a white marble altar of Elyvilon.
  5069 | D:7      | Found a stormy altar of Qazlal.
  5079 | D:7      | Found a sparkling altar of Nemelex Xobeh.
  5082 | D:7      | Found a burning altar of Makhleb.
  5086 | D:7      | Found an opulent altar of Gozag.
  5423 | D:7      | Reached skill level 6 in Invocations
  6015 | D:8      | Reached *** piety under Okawaru
  6015 | D:8      | Gained mutation: You are completely covered in sharp spines. [demonic ancestry]
  6015 | D:8      | Reached XP level 9. HP: 66/71 MP: 13/13
  6018 | D:8      | Reached skill level 7 in Invocations
  6164 | D:8      | Noticed a two-headed ogre
  6169 | D:8      | Killed a two-headed ogre
  6171 | D:8      | Reached **** piety under Okawaru
  6171 | D:8      | Reached skill level 5 in Shields
  6284 | D:8      | Reached skill level 8 in Invocations
  6496 | D:8      | Gained mutation: You are frail. (-10% HP) [mutagenic hatch]
  6565 | D:9      | Reached skill level 5 in Armour
  6661 | D:9      | Noticed a spiny frog
  6673 | D:9      | Killed a spiny frog
  6673 | D:9      | Reached skill level 9 in Invocations
  6673 | D:9      | Reached XP level 10. HP: 51/72 MP: 14/14
  6714 | D:9      | Noticed Erica
  6721 | D:9      | Killed Erica
  6721 | D:9      | Reached ***** piety under Okawaru
  6724 | D:9      | HP: 2/72 [poisoned by Erica (bolt of poison)]
  7474 | D:10     | Entered Level 10 of the Dungeon
  7701 | D:10     | Reached skill level 10 in Invocations
  7797 | D:10     | Found a bloodstained altar of Trog.
  7803 | D:10     | Got Feacyg's Incunabulum of Retrieval
  7871 | D:10     | Got the +5 ring mail "Edotir" {Dex+7}
  7921 | D:10     | Noticed a cyclops
  7927 | D:10     | Killed a cyclops
  8121 | D:10     | Gained mutation: You are covered in thick fur. (AC +4) [mutagenic hatch]
  8140 | D:11     | Found an opulent altar of Gozag.
  8140 | D:11     | Found a gateway to a bazaar.
  8194 | D:11     | Noticed a spiny frog
  8199 | D:11     | Reached ****** piety under Okawaru
  8199 | D:11     | Received a gift from Okawaru
  8203 | D:11     | Killed a spiny frog
  8203 | D:11     | Reached XP level 11. HP: 51/80 MP: 16/16
  8579 | D:11     | Noticed a nine-headed hydra
  8586 | D:11     | Killed a nine-headed hydra
  8609 | D:11     | Noticed a death knight
  8627 | D:11     | Killed a death knight
  9009 | D:11     | Reached skill level 11 in Invocations
  9242 | Bazaar   | Entered a bazaar
  9242 | Bazaar   | Found Pobue's Antique Weapon Shoppe.
  9242 | Bazaar   | Found Dowo's Gadget Emporium.
  9270 | Bazaar   | Found Pafe's Armour Emporium.
  9273 | Bazaar   | Found Ariulum's Distillery.
  9275 | Bazaar   | Found Ukutir's Gadget Shop.
  9291 | Bazaar   | Bought 2 potions of mutation for 192 gold pieces
  9291 | Bazaar   | Bought a potion of berserk rage for 60 gold pieces
  9291 | Bazaar   | Bought a potion of resistance for 120 gold pieces
  9291 | Bazaar   | Bought a potion of heal wounds for 60 gold pieces
  9291 | Bazaar   | Bought a potion of ambrosia for 96 gold pieces
  9291 | Bazaar   | Bought a potion of mutation for 96 gold pieces
  9291 | Bazaar   | Bought a potion of mutation for 96 gold pieces
  9292 | Bazaar   | Lost mutation: You are frail. (-10% HP) [potion of mutation]
  9292 | Bazaar   | Lost mutation: You are covered in thick fur. (AC +4) [potion of mutation]
  9292 | Bazaar   | Gained mutation: Your mind is acute. (Int +5) [potion of mutation]
  9292 | Bazaar   | Gained mutation: You occasionally shout uncontrollably at your foes. [potion of mutation]
  9292 | Bazaar   | Gained mutation: Your muscles are strong. (Str +5) [potion of mutation]
  9359 | D:12     | Noticed Nessos
  9380 | D:12     | HP: 4/135 [poisoned by Nessos]
  9381 | D:12     | HP: 1/135 [poisoned by Nessos]
  9382 | D:12     | Slain by Nessos

Skill      XL: |  1  2  3  4  5  6  7  8  9 10 11 |
---------------+----------------------------------+-----
Axes           | 2 3 4 5 7 8 9 |  9.2
Shields        | 3 4 5 6 |  6.6
Armour         | 3 4 5 6 |  6.3
Invocations    | 1 2 3 4 6 9 10 11 | 11.3
Fighting       | 4 5 6 8 9 |  9.8

Action                   |  1- 3 |  4- 6 |  7- 9 | 10-12 || total
-------------------------+-------+-------+-------+-------++-------
Melee: War axe           |   113 |   121 |   183 |   135 ||   552
       Kick              |       |       |    60 |    76 ||   136
  Use: Potion            |       |       |       |     5 ||     5
 Stab: Distracted        |       |     1 |       |       ||     1
       Sleeping          |       |       |       |     1 ||     1
Armor: Scale mail        |    72 |    51 |    60 |     7 ||   190
       Plate armour      |       |       |       |     8 ||     8
       Ring mail         |       |       |       |    22 ||    22
Dodge: Dodged            |    49 |    30 |    91 |    78 ||   248
Block: Shield            |    78 |    61 |   124 |    79 ||   342
